 Dungeon Crawl Stone Soup version 0.30.0-29-ga12c61a403 (webtiles) character file.

Game seed: 16025586135702267236

1988 hawla the Thaumaturge (level 9, -2/64 HPs)
             Began as a Meteoran Fire Elementalist on June 9, 2023.
             Slain by an ogre
             ... wielding a +0 giant club
              (31 damage)
             ... on level 6 of the Dungeon.
             The game lasted 00:11:55 (2844 turns).

hawla the Thaumaturge (Meteoran Fire Elementalist)  Turns: 2844, Time: 00:11:56

Health: -2/64      AC:  4    Str: 11    XL:     9   Next: 72%
Magic:  9/25       EV: 13    Int: 21    God:
Gold:   109        SH:  0    Dex: 12    Spells: 24/31 levels left

rFire   x . .        f - +1 flail (flame)
rCold   . . .        (no shield)
rNeg    . . .        a - +0 robe
rPois   .            t - +1 helmet
rElec   .            (no cloak)
rCorr   .            (no gloves)
SInv    .            (no boots)
Will    ++...        (no amulet)
Stlth   +            j - +4 ring of slaying
HPRegen 0.30/turn    n - ring of willpower
MPRegen 0.19/turn

%: no passive effects
@: glowing, studying 2 skills
A: sense surroundings 2, otherworldly, glowing, explore regen, clumsy 1, heat
vulnerability 1
a: no special abilities


You were on level 6 of the Dungeon.
You visited 1 branch of the dungeon, and saw 6 of its levels.

You collected 109 gold pieces.

Inventory:

Hand Weapons
 f - a +1 flail of flaming (weapon)
Armour
 a - a +0 robe (worn)
 t - a +1 helmet (worn)
 w - a +0 pair of gloves
Magical Staves
 g - a staff of conjuration
Jewellery
 j - a +4 ring of slaying (left hand)
 n - a ring of willpower (right hand)
Wands
 m - a wand of mindburst (10) (quivered)
 o - a wand of iceblast (8)
 r - a wand of charming (8)
 u - a wand of flame (9)
Scrolls
 b - 4 scrolls of teleportation {unknown}
 c - a scroll of silence
 d - a scroll of brand weapon
 e - 3 scrolls of magic mapping {unknown}
 i - a scroll of identify
 k - a scroll of vulnerability
 l - a scroll of immolation
 q - 2 scrolls of fear {unknown}
 s - a scroll of amnesia
Potions
 h - a potion of flight
 p - a potion of mutation
 v - a potion of curing {unknown}


   Skills:
 + Level 1.5 Fighting
 + Level 3.3 Maces & Flails
 + Level 3.7 Dodging
 - Level 1.4 Stealth
 + Level 11.6 Spellcasting
 + Level 6.5 Conjurations
 + Level 10.2 Fire Magic
 + Level 3.0 Evocations


You had 24 spell levels left.
You knew the following spells:

 Your Spells              Type           Power      Damage    Failure   Level
a - Foxfire               Conj/Fire      100%       2x1d9     1%          1
b - Scorch                Fire           100%       2d9       1%          2
c - Flame Wave            Conj/Fire      47%        2d12      1%          4

Your spell library contained the following spells:

 Spells                   Type           Power      Damage    Failure   Level
 Inner Flame              Hex/Fire       33%        N/A       1%          3
 Volatile Blastmotes      Fire/Tloc      66%        2d15      1%          3
 Blink                    Tloc           24%        N/A       9%          2
 Lesser Beckoning         Tloc           24%        N/A       9%          2
 Gell's Gravitas          Tloc           12%        N/A       17%         3
 Teleport Other           Tloc           12%        N/A       17%         3
 Manifold Assault         Tloc           12%        N/A       50%         4
 Storm Form               Tmut/Air       6%         N/A       100%        7


Dungeon Overview and Level Annotations

Branches:
Dungeon (6/15) Zot: 761    Temple (0/1) D:6

Altars:
Dithmenos
Ru


Innate Abilities, Weirdness & Mutations

You passively map the area around you.
You are easily found by Zot.
You glow in the dark.
You regain HP and MP as you explore.
You are clumsy. (Dex -2)
You are vulnerable to heat. (rF-)


Message History

The ogre moves out of view.
The ogre shouts!
You hear a shout! x4
An orc wizard comes into view. It is wielding a +0 dagger.
You sock the ogre! You burn the ogre.
The ogre is moderately wounded.
Something hits you but does no damage. The ogre hits you with a +0 giant club!
You thump the ogre! You burn the ogre.
The ogre is almost dead.
The orc wizard gestures wildly while chanting.
The orc wizard flickers and vanishes!
Something hits you. The ogre hits you with a +0 giant club!
Unknown command.
Casting: Foxfire (safe; 1% risk of failure)
Confirm with . or Enter, or press ? or * to list all spells.
Casting: Flame Wave (dangerous; 1% risk of failure)
Press: ? - help, Dir - look around, f - activate A wave of flame ripples out!
The flame wave engulfs the orc wizard!
The orc wizard is severely wounded.
The flame wave engulfs the ogre!
You kill the ogre!
The flame wave engulfs something!!
Reactivating autopickup.
You feel a bit more experienced. (Press . to intensify the flame waves.)
You hear a shout! x2
The orc wizard hits you but does no damage.
Your Fire Magic skill increases to level 10!
A wave of flame ripples out!
The flame wave engulfs the orc wizard!
You kill the orc wizard!
The flame wave engulfs the orc!
You kill the orc!
The flame wave engulfs the ogre!!
The ogre is severely wounded.
You hear a shout! x2
A wave of flame ripples out!
The flame wave engulfs the ogre!
The ogre is almost dead.
The flame wave engulfs something!
You finish channelling waves of flame.
You hear a howl!
You hear a shout! x6
The ogre hits you with a +0 giant club!!
You die...

* ,~~ ≈≈
~≈≈≈≈≈≈≈≈≈≈≈~.... ,
#####~≈~≈~~~~≈~~~....
*
~#...#.......)........
, * ,
...#############)))' ,
~ #'#...........#)...
, , ,
#.'.......)...'.)..
,*, , ~
#.#...........#.... ,
#.#################
,,~ #.@O...#, , , , ~
~,#))....#, , , ,*,, ~
#)###'## ,, ,,, * , ,
~ #.# ...# , * , ~
#.#, ..# ,, * #'# ..'.
, * *, * ..# #### ***
* * * ..#, ,,, , , ~*
* ~ ~


You could see an ogre.

Vanquished Creatures
  A water moccasin (D:6)
  An orc warrior (D:6)
  2 black bears
  6 ogres (D:6)
  3 centaurs
  A kobold brigand (D:6)
  Blork the orc (D:5)
  2 scorpions
  2 howler monkeys (D:6)
  3 hounds
  A jelly (D:6)
  An orc priest (D:6)
  2 iguanas (D:5)
  A sleepcap (D:5)
  6 orc wizards (D:6)
  3 gnolls (D:6)
  9 adders
  A white imp (D:6)
  A worm (D:2)
  A dart slug (D:5)
  18 orcs
  2 ball pythons
  2 endoplasms
  3 hobgoblins
  3 kobolds (D:4)
  3 quokkas
  4 goblins
  4 rats
87 creatures vanquished.

Vanquished Creatures (others)
  122 foxfires
122 creatures vanquished.

Grand Total: 209 creatures vanquished

Notes
Turn   | Place    | Note
-------+----------+-------------------------------------------
     0 | D:1      | hawla the Meteoran Fire Elementalist began the quest for
                  | the Orb.
     0 | D:1      | Reached XP level 1. HP: 14/14 MP: 5/5
    68 | D:2      | Reached XP level 2. HP: 20/20 MP: 1/6
    71 | D:2      | Learned a level 2 spell: Scorch
   164 | D:2      | Reached skill level 3 in Spellcasting
   184 | D:2      | Reached XP level 3. HP: 26/26 MP: 0/8
   467 | D:4      | Noticed a scorpion
   470 | D:4      | Killed a scorpion
   471 | D:4      | Reached skill level 4 in Spellcasting
   471 | D:4      | Reached skill level 5 in Fire Magic
   471 | D:4      | Reached XP level 4. HP: 28/33 MP: 3/11
   471 | D:4      | Reached XP level 5. HP: 33/38 MP: 3/13
   482 | D:4      | Learned a level 4 spell: Flame Wave
  1331 | D:5      | Entered Level 5 of the Dungeon
  1362 | D:5      | Reached XP level 6. HP: 45/45 MP: 7/14
  1371 | D:5      | Noticed a black bear
  1377 | D:5      | Killed a black bear
  1378 | D:5      | Reached skill level 5 in Conjurations
  1378 | D:5      | Reached skill level 1 in Evocations
  1441 | D:5      | Noticed a centaur
  1442 | D:5      | Noticed a centaur
  1447 | D:5      | Killed a centaur
  1448 | D:5      | Reached XP level 7. HP: 20/50 MP: 9/15
  1454 | D:5      | Reached skill level 5 in Spellcasting
  1621 | D:5      | Noticed Blork the orc
  1627 | D:5      | Killed Blork the orc
  1628 | D:5      | Reached skill level 6 in Spellcasting
  1928 | D:5      | Found a shadowy altar of Dithmenos.
  1967 | D:5      | Reached skill level 1 in Maces & Flails
  1967 | D:5      | Reached XP level 8. HP: 7/58 MP: 7/18
  2202 | D:5      | Found a sacrificial altar of Ru.
  2320 | D:6      | Gained mutation: You are clumsy. (Dex -2) [potion of
                  | mutation]
  2320 | D:6      | Gained mutation: You are vulnerable to heat. (rF-) [potion
                  | of mutation]
  2356 | D:6      | Reached skill level 1 in Fighting
  2356 | D:6      | Reached skill level 7 in Spellcasting
  2542 | D:6      | Reached skill level 8 in Spellcasting
  2575 | D:6      | Found a staircase to the Ecumenical Temple.
  2735 | D:6      | Gained mutation: You passively map the area around you.
                  | [Meteoran growth]
  2735 | D:6      | Reached XP level 9. HP: 64/64 MP: 15/22
  2736 | D:6      | Reached skill level 9 in Spellcasting
  2754 | D:6      | Reached skill level 10 in Spellcasting
  2795 | D:6      | Reached skill level 11 in Spellcasting
  2843 | D:6      | Reached skill level 10 in Fire Magic
  2844 | D:6      | Slain by an ogre

Illustrated notes

Levels and vault maps discovered:
D:1:      matt_arrival_refuge, layout_loops_cross, serial_shops,
          nicolae_lakefront_shop, dreamdust_mushroom_princess
D:2:      wad_pebble_path, layout_loops_ring
D:3:      layout_rooms, minmay_ruptured
D:4:      layout_basic, serial_aquarium, aquarium_bridge_long_joined
          [aquarium_subvault_wall, aquarium_subvault_window,
          aquarium_subvault_bridge, aquarium_subvault_bridge,
          aquarium_subvault_window, aquarium_subvault_bridge],
          aquarium_window_fake, aquarium_window_fake,
          aquarium_window_corridor_3, aquarium_window_corner, aquarium_view_4,
          aquarium_pool_side
D:5:      layout_loops_corners, mainiacjoe_overflow_big_doors,
          minmay_manual_mares, uniq_blork_the_orc
D:6:      lemuel_castle_with_subvaults [lemuel_castle_interior_carwin_1],
          layout_basic, temple_doors_e

Skill      XL: |  1  2  3  4  5  6  7  8  9 |
---------------+----------------------------+-----
Fire Magic     | 4 5 6 8 10 | 10.2
Spellcasting   | 3 4 6 8 11 | 11.6
Conjurations   | 2 4 5 6 |  6.5
Evocations     | 3 |  3.0
Dodging        | 3 |  3.7
Maces & Flails | 1 2 3 |  3.3
Fighting       | 1 |  1.5
Stealth        | |  1.4

Action                     |  1- 3 |  4- 6 |  7- 9 || total
---------------------------+-------+-------+-------++-------
  Melee: Unarmed           |     2 |       |       ||     2
         Staff             |     4 |       |       ||     4
         Flail             |       |    16 |    28 ||    44
   Cast: Foxfire           |    29 |    10 |    38 ||    77
         Scorch            |    10 |    11 |    30 ||    51
         Flame Wave        |       |     2 |    12 ||    14
  Evoke: Wand              |       |       |     2 ||     2
    Use: Scroll            |     4 |       |     4 ||     8
         Potion            |       |     1 |     2 ||     3
 Armour: Robe              |     2 |     4 |     9 ||    15
  Dodge: Dodged            |     6 |    14 |    31 ||    51
